[Event "*** Titled Tuesday Blitz"]
[Site "Chess.com"]
[Date "2019.05.07"]
[Round "6"]
[White "monalize"]
[Black "TregubovP"]
[Result "0-1"]
[WhiteElo "2337"]
[BlackElo "2533"]
[TimeControl "180+2"]
[EndTime "14:26:46 PDT"]
[Termination "TregubovP won by resignation"]

1. e4 c5 2. Nf3 e6 3. d4 cxd4 4.
Nxd4 Nc6 5. Nc3 Nf6 6. Be3 Bb4 7. Nb5 Nxe4 8. Qg4 Nf6 9. Qxg7 Rg8 10. Qh6 a6 11. Nd4 Bf8 12. Qh3 d5 13. Nxc6 bxc6 14. Qf3 e5 15. Bd2 Bg4 16. Qd3 Qd7 17. Na4 Bf5 18.
Qb3 Qc7 19. Qf3 Bxc2 20. Qxf6 Bxa4 21. Bd3 e4 22. Be2 Bg7 23. Qg5 Qe5 24. Qe3 Qd4 25. Qh3 Qxb2 26. O-O Qxd2 27. Qxh7 Kf8 28. Bh5 Qg5 29.
h4 Qh6 30. Qf5 Qf6 31. Qh3 Rh8 32. g4 c5 33. Rab1 Bd7 34. Qa3 Rc8 35. Rb7 Be6 36.
f3 e3 37. Qxe3 Qxh4 38. Qf4 Bd4+ 39. Kg2 Rxh5 40. Rxf7+ Bxf7 41. Qd6+ Kg8 42. gxh5 Qg5+ 43. Kh1 Qxh5+ 44. Kg2 Qg6+ 45. Kh1 Qxd6 0-1

[Event "*** Titled Tuesday Blitz"]
[Site "Chess.com"]
[Date "2019.05.07"]
[Round "6"]
[White "ZuchBolt"]
[Black "northridgehawk"]
[Result "1/2-1/2"]
[WhiteElo "2297"]
[BlackElo "2260"]
[TimeControl "180+2"]
[EndTime "14:26:48 PDT"]
[Termination "Game drawn - insufficient material"]

1. d4 f5 2. Nc3 Nf6 3. Bg5 d5 4. f3 e6 5. e4 fxe4 6. fxe4 Be7 7. e5 Nfd7 8. Qh5+ g6 9. Bxe7 Qxe7 10. Qh6 a6 11.
Nf3 c5 12. dxc5 Nc6 13. O-O-O Nxc5 14. h4 Bd7 15. h5 Rg8 16. Ng5 gxh5 17. Nxh7 O-O-O 18. Nf6 Rh8 19. Qf4 Rdf8 20. b4 Nxb4 21. Rh4 Nc6 22. Qh2 Nxe5 23. Nxd7 Nexd7 24. Rxh5 Rxh5 25. Qxh5 Rf5 26. Qh8+ Qf8 27. Qxf8+ Rxf8 28. Be2 Rf2 29. Bf3 Ne5 30. Bxd5 exd5 31. Rxd5 Rf1+ 32. Kd2 Ncd7 33. Ke2 Rc1 34. Kd2 Rg1 35. Ne2 Rxg2 36. Rd4 Kc7 37. Ke3 Kc6 38. Rb4 b5 39. a4 Rg4 40.
axb5+ axb5 41. Rxg4 Nxg4+ 42. Kf4 Nge5 43. Nd4+ Kc5 44.
Nxb5 Kxb5 45. c4+ Kxc4 46. Kf5 Kd5 47. Kf4 1/2-1/2

[Event "*** Titled Tuesday Blitz"]
[Site "Chess.com"]
[Date "2019.05.07"]
[Round "6"]
[White "StephenDedalus83"]
[Black "Keaton87"]
[Result "1-0"]
[WhiteElo "2803"]
[BlackElo "2553"]
[TimeControl "180+2"]
[EndTime "14:26:57 PDT"]
[Termination "StephenDedalus83 won by resignation"]

1. e4 c5 2. Nf3 e6 3. d4 cxd4 4.
Nxd4 a6 5. Nc3 Qc7 6. Bd3 Nf6 7. f4 d6 8. Qf3 Be7 9. g4 Nc6 10. Nb3 b5 11. g5 Nd7 12. Be3 Bb7 13. O-O-O Rc8 14.
Kb1 Nb4 15. Nd4 Nc5 16. h4 Nbxd3 17. cxd3 b4 18. Nce2 a5 19. h5 a4 20. Rc1 Ba6 21.
Rhd1 Qb7 22. Bf2 O-O 23. g6 fxg6 24. hxg6 hxg6 25. Qh3 e5 26. Ne6 Qd7 27. f5 Nxe6 28.
fxe6 Qb5 29. Rc4 Rxf2 30. Rh1 Rf1+ 31. Qxf1 Bf6 32. Qh3 Kf8 33. Rxc8+ Bxc8 34. Qh8+ Ke7 35. Qxc8 Qxd3+ 36. Qc2 Qf3 37. Rd1 Kxe6 38. Qc8+ Kf7 39. Qc4+ Kf8 40. Rxd6 b3 41. axb3 axb3 42. Rd1 g5 43.
Qd3 g4 44. Qxf3 gxf3 45. Ng1 f2 46. Nh3 1-0

[Event "*** Titled Tuesday Blitz"]
[Site "Chess.com"]
[Date "2019.05.07"]
[Round "6"]
[White "xamax2000"]
[Black "GrigorGrigorov"]
[Result "0-1"]
[WhiteElo "2632"]
[BlackElo "2833"]
[TimeControl "180+2"]
[EndTime "14:26:59 PDT"]
[Termination "GrigorGrigorov won by checkmate"]

1. e4 c6 2. d4 d5 3. exd5 cxd5 4. Bd3 Nf6 5. c3 Bg4 6. Qb3 Qc7 7. Ne2 Nc6 8. Bf4 Qd7 9. O-O e6 10. Ng3 h5 11. f3 h4 12. Ne2 Bh5 13. Bg5 Bd6 14.
h3 Ng8 15. Nd2 Nge7 16. Bxh4 Bg6 17. Bxg6 Nxg6 18. Bg3 Bxg3 19. Nxg3 Nf4 20. Rae1 O-O-O 21. Qc2 Qc7 22. Ne2 Nxe2+ 23. Rxe2 Nxd4 24. Qd3 Nxe2+ 25. Qxe2 Qg3 26. Kh1 Rh4 27. Rc1 Rdh8 28. Nf1 Qf4 29. Rc2 Qc4 30. Qe1 Kb8 31. b3 Qd3 32. Rc1 g5 33.
Qe5+ Ka8 34. Qxg5 a6 35. Nh2 R4h6 36. c4 Rg6 37. Qe5 Rhg8 38. Ng4 f5 39. Nf6 Rxg2 40.
Nxg8 Qxf3 41. Qc3 Qe2 42. Rc2 Qf1# 0-1

[Event "*** Titled Tuesday Blitz"]
[Site "Chess.com"]
[Date "2019.05.07"]
[Round "6"]
[White "Chessdude1987"]
[Black "NM2019"]
[Result "1-0"]
[WhiteElo "2124"]
[BlackElo "2146"]
[TimeControl "180+2"]
[EndTime "14:27:00 PDT"]
[Termination "Chessdude1987 won by resignation"]

1. e4 c5 2. b3 Nc6 3. Bb2 Nf6 4. Nc3 d5 5. exd5 Nxd5 6. Bc4 Nb6 7. Bb5 Qd6 8. Ne4 Qg6 9. Qf3 e6 10. Bxc6+ bxc6 11. Ne2 Nd5 12. O-O-O f5 13. N4g3 h5 14. Nf4 Qg4 15. Ngxh5 Qxf3 16. gxf3 Kf7 17. c4 Nxf4 18.
Nxf4 Bd6 19. Nd3 Rh3 20. Rdg1 g6 21. Be5 Bxe5 22. Nxe5+ Kf6 23. f4 Rh6 24. Rg3 Bb7 25. Rhg1 Rg8 26. h4 Bc8 27. Nf3 Bd7 28. Rg5 Be8 29. h5 Bf7 30. hxg6 Rhxg6 31. Rxg6+ Bxg6 32. Ne5 Bf7 33. Rxg8 Bxg8 34. Nxc6 a6 35. Nb8 e5 36.
Nxa6 exf4 37. Nxc5 Ke5 38. f3 Bf7 39. Nd3+ Kd4 40. Nxf4 Be8 41. Kc2 Bc6 42. Ne2+ Kc5 43. d4+ Kb4 44. d5 Bd7 45. f4 Ka3 46. Nd4 Kxa2 47. c5 Ka3 48. c6 Bc8 49. d6 1-0

[Event "*** Titled Tuesday Blitz"]
[Site "Chess.com"]
[Date "2019.05.07"]
[Round "6"]
[White "LiamVrolijk"]
[Black "ilm2034"]
[Result "1-0"]
[WhiteElo "2524"]
[BlackElo "2407"]
[TimeControl "180+2"]
[EndTime "14:27:02 PDT"]
[Termination "LiamVrolijk won by resignation"]

1. d4 Nf6 2. c4 c5 3. d5 b5 4. Qc2 bxc4 5. e4 e6 6. Bxc4 exd5 7. exd5 g6 8. Nf3 Bg7 9. O-O O-O 10. Nc3 d6 11.
Bf4 Nh5 12. Bg5 Qc7 13. Nb5 Qb6 14. Be7 Bf5 15. Qc1 Re8 16. Bxd6 Nd7 17. Bc7 Qb7 18. Ba5 Be4 19. Ng5 Bxd5 20. Nd6 Qc6 21. Nxe8 Rxe8 22. Bxd5 Qxd5 23. Rd1 Bd4 24. Nf3 Ne5 25. Nxd4 cxd4 26.
Bc3 Nc6 27. Re1 Rxe1+ 28. Bxe1 g5 29. Bd2 h6 30. Qd1 Ne5 31. Qxh5 Qe4 32. Re1 Qf5 33.
Qe2 Nd3 34. Rd1 Nxb2 35. Rc1 Nd3 36. Rb1 Nxf2 37. Rb8+ Kg7 38. Qxf2 Qc2 39. Be1 Qe4 40. Rb4 1-0

[Event "*** Titled Tuesday Blitz"]
[Site "Chess.com"]
[Date "2019.05.07"]
[Round "6"]
[White "MateusViageiro"]
[Black "el-reptiliano"]
[Result "0-1"]
[WhiteElo "2152"]
[BlackElo "2179"]
[TimeControl "180+2"]
[EndTime "14:27:02 PDT"]
[Termination "el-reptiliano won by checkmate"]

1. e4 c5 2. Nf3 e6 3. d4 cxd4 4. Nxd4 Nc6 5. Nc3 Qc7 6. Ndb5 Qb8 7. g3 a6 8. Nd4 Nf6 9. Bg2 h5 10. Bf4 e5 11. Nxc6 bxc6 12. Bc1 h4 13. O-O Bc5 14. Na4 Ba7 15. g4 h3 16. Bf3 d6 17. g5 Ng8 18. c4 Ne7 19. b3 Be6 20. Ba3 c5 21. Nc3 Ng6 22. Kh1 Qc7 23. Bg4 Qd7 24.
Bxe6 Qxe6 25. Nd5 Bb8 26. Qe2 Rh4 27. Rg1 Nf4 28. Nxf4 exf4 29. f3 Bc7 30. Bb2 f6 31.
gxf6 gxf6 32. Rg7 O-O-O 33. Rag1 f5 34. R1g6 Qe8 35. e5 dxe5 36. Qf2 e4 37. Qxh4 exf3 38.
Rg1 Qe2 39. Bc3 f2 40. Qxh3 fxg1=Q+ 41. Rxg1 f3 42. Qxf5+ Kb8 43. Re1 Qxh2# 0-1

[Event "*** Titled Tuesday Blitz"]
[Site "Chess.com"]
[Date "2019.05.07"]
[Round "6"]
[White "Msb2"]
[Black "DrMelekess"]
[Result "1-0"]
[WhiteElo "2961"]
[BlackElo "2764"]
[TimeControl "180+2"]
[EndTime "14:27:03 PDT"]
[Termination "Msb2 won by resignation"]

1. d4 Nc6 2. d5 Ne5 3. e4 Ng6 4. Nc3 e5 5. dxe6 dxe6 6. Qxd8+ Kxd8 7. f4 Nf6 8. Bd3 Bc5 9. Nf3 Ng4 10. Nd1 Bd7 11.
Bd2 Bc6 12. h3 Nf6 13. Nc3 Nh5 14. Ne2 Nf6 15. Ng3 Ke8 16. b4 Be7 17. b5 Bd7 18. Ke2 Bc5 19. Rhd1 Rd8 20. c4 Bc8 21. e5 Nd7 22.
Ne4 f6 23. exf6 gxf6 24. g3 Rf8 25. Bc2 Be7 26. Be3 f5 27. Neg5 Nf6 28. Rxd8+ Kxd8 29. Nd4 Ke8 30. Ndxe6 Rg8 31. Bxf5 h6 32. Nxc7+ Kd8 33. Nge6+ Bxe6 34. Nxe6+ Ke8 35. Rd1 Nh5 36. Kf3 Kf7 37. Nc7 Ne5+ 38. fxe5 Rxg3+ 39. Ke4 Rg2 40. Bg4 Rxa2 41.
Bxh5+ 1-0

[Event "*** Titled Tuesday Blitz"]
[Site "Chess.com"]
[Date "2019.05.07"]
[Round "6"]
[White "MikaelyanArman"]
[Black "Al_Shima"]
[Result "1-0"]
[WhiteElo "2686"]
[BlackElo "2412"]
[TimeControl "180+2"]
[EndTime "14:27:11 PDT"]
[Termination "MikaelyanArman won by resignation"]

1. e4 d5 2. d3 dxe4 3. dxe4 Qxd1+ 4. Kxd1 e5 5. Bc4 Bc5 6. Nf3 f6 7. Ke2 c6 8. Be3 Bxe3 9. Kxe3 Nd7 10. a4 Nf8 11. Nbd2 Be6 12. a5 O-O-O 13. Rhd1 Nh6 14. h3 Nf7 15. b4 Bxc4 16. Nxc4 Ne6 17. g3 Rxd1 18.
Rxd1 Rd8 19. Rxd8+ Nexd8 20. c3 Kc7 21. h4 Nd6 22.
Nfd2 Nxc4+ 23. Nxc4 Nf7 24. f4 b6 25. h5 b5 26. Nb2 g6 27. hxg6 hxg6 28. Nd3 exf4+ 29.
gxf4 Kd6 30. Kd4 Nd8 31. f5 gxf5 32. exf5 Nf7 33. Nc5 Ne5 34. Ne4+ Ke7 35. Kc5 Kd7 36.
Nxf6+ Kc7 37. Ne4 Nf3 38. f6 Ne5 39. Kd4 Nf7 40. Nf2 Kd6 41. Ng4 Ng5 42. a6 Ne6+ 43.
Ke4 Nc7 44. Kf5 Nxa6 45. Kg6 Nc7 46. f7 Ke7 47. Ne5 Nd5 48. Kg7 1-0

[Event "*** Titled Tuesday Blitz"]
[Site "Chess.com"]
[Date "2019.05.07"]
[Round "6"]
[White "gliglu"]
[Black "AliKa2810"]
[Result "1-0"]
[WhiteElo "2577"]
[BlackElo "2481"]
[TimeControl "180+2"]
[EndTime "14:27:11 PDT"]
[Termination "gliglu won on time"]

1. e4 e6 2. d4 d5 3. Nd2 c5 4. Ngf3 Nc6 5. exd5 exd5 6. Be2 Nf6 7. O-O Qc7 8. dxc5 Bxc5 9. Nb3 Be7 10. Bg5 O-O 11.
Nbd4 Be6 12. c3 Rae8 13. Bb5 a6 14. Nxc6 bxc6 15. Bxa6 Qb6 16. Bd3 Qxb2 17. a4 h6 18.
Be3 Qxc3 19. Rc1 Qa5 20. Rxc6 Ra8 21. Bb5 Bd7 22. Bd2 Qa7 23. Rc1 Rfb8 24. Qe2 Bxb5 25. axb5 Bc5 26. Rb1 Ne4 27. Bf4 Nc3 28. Qb2 Nxb1 29. Bxb8 Rxb8 30. Rxb1 Qb6 31. Qd2 Re8 32. h3 Qe6 33. Re1 Qd7 34. Rb1 Qe6 35. Qc2 Bb6 36.
Ra1 Qe2 37. Qf5 Qxf2+ 38. Kh1 d4 39. Qd7 Qe3 40. Re1 Rd8 41. Qc6 1-0

[Event "*** Titled Tuesday Blitz"]
[Site "Chess.com"]
[Date "2019.05.07"]
[Round "6"]
[White "Keithonsky"]
[Black "albi1999"]
[Result "0-1"]
[WhiteElo "2377"]
[BlackElo "2550"]
[TimeControl "180+2"]
[EndTime "14:27:13 PDT"]
[Termination "albi1999 won on time"]

1. d4 d5 2. c4 e6 3. Nf3 Nf6 4. g3 Bb4+ 5. Bd2 Bd6 6. Bg2 c6 7. Qc2 Nbd7 8. O-O O-O 9. Bg5 h6 10. Bxf6 Nxf6 11. Nbd2 b6 12. e4 Be7 13. Rad1 Bb7 14.
Ne5 Rc8 15. Rfe1 Nd7 16. Nxd7 Qxd7 17. Qa4 b5 18. cxb5 cxb5 19. Qb3 a5 20. exd5 Bxd5 21. Bxd5 exd5 22. Nf3 a4 23. Qd3 Bd6 24. Re2 Rfe8 25. Rde1 Rxe2 26. Rxe2 b4 27. Kg2 a3 28. bxa3 Rc3 29.
Qb1 Rxa3 30. Ne5 Qc8 31. Rc2 Qf5 32. g4 Qe6 33. Rc6 Rc3 34. Ra6 g6 35. Ra8+ Kg7 36. Ra6 Qe7 37. Nf3 Bf4 38. Rb6 Qe2 39. Ng1 Qxg4+ 40.
Kh1 Rc1 0-1

[Event "*** Titled Tuesday Blitz"]
[Site "Chess.com"]
[Date "2019.05.07"]
[Round "6"]
[White "Perecke"]
[Black "GuerrieroFromLevant"]
[Result "1-0"]
[WhiteElo "2108"]
[BlackElo "2255"]
[TimeControl "180+2"]
[EndTime "14:27:13 PDT"]
[Termination "Perecke won by resignation"]

1. e4 e6 2. d4 d5 3. Nc3 Nf6 4. e5 Nfd7 5. Nce2 c5 6. c3 Nc6 7.
f4 b5 8. Nf3 b4 9. g3 a5 10. Bh3 Ba6 11. O-O Rc8 12. f5 exf5 13. Bxf5 g6 14. Bh3 Bg7 15. Ng5 O-O 16. Nxf7 Rxf7 17.
Be6 Ncxe5 18. dxe5 Nxe5 19. Rxf7 Nxf7 20. Bxc8 Qxc8 21. Bd2 Qg4 22. Nf4 Qxd1+ 23. Rxd1 Ne5 24. Kg2 Nc4 25. cxb4 axb4 26. b3 Nxd2 27. Rxd2 d4 28.
Ne6 Bh6 29. Rd1 Be2 30. Re1 d3 31. Kf2 Bg7 32. Ke3 Kf7 33. Nf4 Bc3 34. Rxe2 dxe2 35. Nxe2 Be5 36. Kd3 Ke6 37. Kc4 Kd6 38. Nc1 Bd4 39.
Nd3 Bg1 40. h3 g5 41. g4 h6 42. Ne1 Be3 43. Nf3 Ke6 44. Kd3 Bf2 45. Ke4 Kd6 46. Nd2 Bd4 47. Nc4+ Ke6 48. Na5 Bg1 49. Nb7 Kd7 50. Kd5 Kc7 51. Nxc5 Kb6 52. Nd7+ Kc7 53. Nf6 Kb6 54. Ng8 1-0

[Event "*** Titled Tuesday Blitz"]
[Site "Chess.com"]
[Date "2019.05.07"]
[Round "6"]
[White "TargetA"]
[Black "Marcus_Harvey"]
[Result "0-1"]
[WhiteElo "2446"]
[BlackElo "2644"]
[TimeControl "180+2"]
[EndTime "14:27:16 PDT"]
[Termination "Marcus_Harvey won by resignation"]

1. e4 e6 2. d3 c5 3. Nd2 Nc6 4. Ngf3 d6 5. g3 Nge7 6. Bg2 g6 7. O-O Bg7 8. Nc4 O-O 9. a4 d5 10. Ne3 dxe4 11. dxe4 Qxd1 12. Rxd1 b6 13. Nc4 Ba6 14.
Bf1 Rfd8 15. Bg5 Bxc4 16. Bxc4 Bxb2 17. Rab1 Bc3 18. Bb5 f6 19. Be3 Rxd1+ 20. Rxd1 Rd8 21. Rb1 Na5 22. Kf1 Nec6 23. Ke2 Nb4 24. Rd1 Rxd1 25. Kxd1 a6 26. Bd7 Kf7 27. Nd2 Ke7 28. Bc8 Bd4 29. Bf4 e5 30. Be3 Bxe3 31. fxe3 Kd8 32. Be6 Nbc6 33.
Bg8 Ne7 34. Be6 h6 35. c3 b5 36. axb5 axb5 37. Kc2 Kc7 38. Nf3 Nb7 39. Nh4 Nd6 40.
Bd5 c4 41. Ba8 Kb6 42. Kb2 Kc5 43. Ka3 g5 44. Nf3 Nc6 45. Nd2 g4 46. Kb2 b4 47.
cxb4+ Nxb4 48. Kc3 Nb5+ 49. Kb2 c3+ 50. Kc1 cxd2+ 51.
Kxd2 Nc6 52. Bb7 Nd6 53. Ba6 Nb4 54. Be2 Nxe4+ 55. Ke1 f5 56. Kf1 h5 57. Kg2 Nd5 0-1

[Event "*** Titled Tuesday Blitz"]
[Site "Chess.com"]
[Date "2019.05.07"]
[Round "6"]
[White "spicycaterpillar"]
[Black "hansen"]
[Result "1-0"]
[WhiteElo "2829"]
[BlackElo "2770"]
[TimeControl "180+2"]
[EndTime "14:27:18 PDT"]
[Termination "spicycaterpillar won by resignation"]

1. e4 e5 2. Nf3 Nc6 3. Bb5 a6 4. Ba4 Nf6 5. O-O Be7 6. Re1 b5 7. Bb3 O-O 8. a4 b4 9. d4 d6 10.
dxe5 Nxe5 11. Nxe5 dxe5 12. Qxd8 Rxd8 13. Nd2 Bc5 14.
a5 Bb7 15. h3 Kf8 16. Bc4 Bd4 17. Bd3 Nd7 18. Nb3 Ba7 19. Be3 Bxe3 20. Rxe3 Bc6 21.
f3 Ke7 22. Kf2 f6 23. Bc4 Bb5 24. Bxb5 axb5 25. c3 c5 26. cxb4 c4 27. Nc1 Nb8 28. b3 Nc6 29. bxc4 Nxb4 30. cxb5 Nc2 31. Ra2 Nxe3 32.
Kxe3 Rdc8 33. Nd3 Rcb8 34. b6 Kd6 35. Nb4 Kc5 36. Nd5 Rb7 37. f4 exf4+ 38. Kxf4 Ra6 39.
Nc7 Rbxb6 40. Rc2+ Kd4 41. axb6 Rxb6 42. Rd2+ Kc4 43.
Rd7 g6 44. Nd5 Rb2 45. Ne3+ 1-0

[Event "*** Titled Tuesday Blitz"]
[Site "Chess.com"]
[Date "2019.05.07"]
[Round "6"]
[White "TristanCalistri"]
[Black "Jadeit90"]
[Result "1-0"]
[WhiteElo "2181"]
[BlackElo "2365"]
[TimeControl "180+2"]
[EndTime "14:27:19 PDT"]
[Termination "TristanCalistri won by resignation"]

1. e4 g6 2. d4 Bg7 3. Nf3 c5 4. Be2 cxd4 5. Nxd4 Nc6 6. Nb3 Nf6 7. Nc3 O-O 8. O-O a5 9. a4 d6 10. Kh1 Be6 11. f4 Rc8 12. Bf3 Qb6 13. Nd5 Bxd5 14.
exd5 Nb4 15. c3 Na6 16. Nd4 Nc5 17. Nb5 Nce4 18. Qe2 Nc5 19. Be3 Qd8 20. Bd4 Nb3 21. Rae1 Nxd4 22. Nxd4 Re8 23. Qb5 Qc7 24. Re3 Kf8 25.
Rfe1 Nd7 26. Nb3 Ra8 27. Bg4 Nf6 28. Bf3 Nd7 29. g3 h5 30. f5 Ne5 31. fxg6 fxg6 32.
Nd4 Kg8 33. Ne6 Qd7 34. Qxd7 Nxd7 35. Nxg7 Kxg7 36. Rxe7+ Kf8 37. R7e6 Nc5 38. Rf6+ Kg7 39. Rxe8 Rxe8 40. Rxd6 Nxa4 41. Rd7+ Kf6 42. Rxb7 Re1+ 43. Kg2 Rb1 44. c4 Rxb2+ 45. Rxb2 Nxb2 46. c5 a4 47. d6 Ke6 48. Be4 a3 49. Bb1 Na4 50. Kf3 Nc3 51.
Bc2 a2 52. Bb3+ Kd7 53. Bxa2 Nxa2 54. Kf4 Nc3 55. Kg5 Na4 56. Kxg6 Nxc5 57. Kxh5 Kxd6 58. g4 Ke6 59. Kg6 Ne4 60. h4 Ke7 61. Kg7 Nf2 62. g5 Ng4 63. h5 Ke6 64. h6 Nxh6 65. gxh6 1-0

[Event "*** Titled Tuesday Blitz"]
[Site "Chess.com"]
[Date "2019.05.07"]
[Round "6"]
[White "nonscitis"]
[Black "ChessQueen"]
[Result "0-1"]
[WhiteElo "2569"]
[BlackElo "2651"]
[TimeControl "180+2"]
[EndTime "14:27:20 PDT"]
[Termination "ChessQueen won on time"]

1. c4 e5 2. Nf3 Nc6 3. Nc3 Nf6 4.
e4 Bc5 5. Nxe5 Bxf2+ 6. Kxf2 Nxe5 7. Be2 c5 8. Rf1 O-O 9. Kg1 d6 10. d3 h6 11. Qe1 Nh7 12. Qg3 Kh8 13. Bf4 f6 14. h4 Be6 15. Kh1 a6 16. Rad1 b5 17. b3 Qa5 18. Bd2 b4 19. Na4 Bd7 20. a3 Bxa4 21. axb4 Qb6 22. bxa4 cxb4 23. a5 Qxa5 24.
d4 Nf7 25. Rb1 Rab8 26. Qb3 Qd8 27. Rf5 a5 28. Ra1 Ra8 29. Bh5 Qe7 30. Bf3 Qd8 31. e5 fxe5 32. Bxa8 Qxh4+ 33. Kg1 Qxd4+ 34. Be3 Qxa1+ 35. Rf1 Qc3 36. Qxc3 bxc3 37. Bd5 Nf6 38. Bf3 Rc8 39. Be2 Rb8 40. Rc1 Rb3 41. Ra1 c2 0-1

[Event "*** Titled Tuesday Blitz"]
[Site "Chess.com"]
[Date "2019.05.07"]
[Round "6"]
[White "Gubajdullin"]
[Black "SaraciNderim"]
[Result "0-1"]
[WhiteElo "2542"]
[BlackElo "2739"]
[TimeControl "180+2"]
[EndTime "14:27:21 PDT"]
[Termination "SaraciNderim won on time"]

1. d4 Nf6 2. Bf4 d5 3. e3 c5 4.
Nd2 Nc6 5. c3 e6 6. Bd3 Bd6 7.
Bxd6 Qxd6 8. f4 O-O 9. a3 cxd4 10. cxd4 b6 11. Ngf3 a5 12. Qe2 Bd7 13. Ne5 Rfc8 14. O-O Rc7 15. g4 Ne7 16. g5 Ne8 17. Bxh7+ Kf8 18. Bd3 g6 19. Qg2 Nf5 20. Qh3 Ke7 21.
Ndf3 Neg7 22. Bxf5 Nxf5 23. Qh7 Be8 24. Rfc1 Rac8 25.
Nxg6+ Kd8 26. Rxc7 Qxc7 27. Nge5 Nxe3 28. Qd3 Nf5 29.
Ne1 b5 30. Qd2 Qb6 31. N5f3 Rc4 32. Rd1 b4 33. Qf2 bxa3 34. bxa3 Ba4 35. Rd2 Qb1 36. h4 Rc1 37. h5 Bd1 38. Kg2 Qe4 39. h6 Qxf4 40.
h7 Qg4+ 41. Kf1 Qh3+ 42. Qg2 Ne3+ 43. Kf2 Nxg2 44. Nxg2 Bxf3 45. Nf4 Rf1+ 46. Ke3 Qxh7 47. Rb2 Qe4+ 48. Kd2 Qxd4+ 0-1

[Event "*** Titled Tuesday Blitz"]
[Site "Chess.com"]
[Date "2019.05.07"]
[Round "6"]
[White "NeverEverForever1990"]
[Black "ENEASZ"]
[Result "1-0"]
[WhiteElo "2440"]
[BlackElo "2504"]
[TimeControl "180+2"]
[EndTime "14:27:21 PDT"]
[Termination "NeverEverForever1990 won by checkmate"]

1. d4 Nf6 2. c4 g6 3. Nc3 d5 4. cxd5 Nxd5 5. Nf3 Bg7 6. e4 Nxc3 7. bxc3 O-O 8. Be2 c5 9. O-O Nc6 10. d5 Ne5 11.
Nxe5 Bxe5 12. Bh6 Bxc3 13. Bxf8 Qxf8 14. Rc1 Bd4 15. Qb3 b6 16. Rfd1 Qh6 17. Qg3 Qg7 18. Qc7 Qf6 19. Bf3 Be5 20. Qc6 Qxc6 21. dxc6 Be6 22. Rd5 f6 23. Rcd1 Bxd5 24. exd5 Bd6 25.
Be2 f5 26. Ba6 Kf7 27. Re1 Rd8 28. g3 g5 29. Kg2 g4 30. h3 gxh3+ 31. Kxh3 Rg8 32.
f4 Rg6 33. Bc8 c4 34. Bxf5 Rh6+ 35. Kg4 Rh2 36. Rc1 b5 37. a4 a6 38. Bc8 h5+ 39. Kf5 bxa4 40. Bxa6 a3 41. Bxc4 Ke8 42. Rb1 Kd8 43.
Rb7 Rg2 44. Ra7 Rxg3 45. Bb5 Kc8 46. Ba6+ Kd8 47. Ke6 Re3+ 48. Kf7 h4 49. Rd7# 1-0

[Event "*** Titled Tuesday Blitz"]
[Site "Chess.com"]
[Date "2019.05.07"]
[Round "6"]
[White "Alopekos"]
[Black "chessking2151"]
[Result "1/2-1/2"]
[WhiteElo "2581"]
[BlackElo "2598"]
[TimeControl "180+2"]
[EndTime "14:27:24 PDT"]
[Termination "Game drawn by repetition"]

1. e4 e5 2. Nf3 Nc6 3. Bb5 a6 4. Ba4 Nf6 5. O-O Be7 6. Re1 b5 7. Bb3 O-O 8. a4 Bb7 9. axb5 axb5 10. Rxa8 Bxa8 11. Nc3 Na5 12. Ba2 b4 13. Nd5 Nxd5 14. Bxd5 Bf6 15. d4 exd4 16. Bxa8 Qxa8 17. e5 Be7 18.
Nxd4 Re8 19. Nf5 Qc6 20. Qg4 Qg6 21. Nxe7+ Rxe7 22. Qxb4 Nc6 23. Qb7 h6 24. Qxc7 Qxc2 25. h3 Rxe5 26. Be3 Rd5 27. Qc8+ Kh7 28. Qe8 Qf5 29.
Ra1 Re5 30. Qf8 Ra5 31. Rxa5 Nxa5 32. b4 Nc4 33. Qc5 Qxc5 34. Bxc5 Na3 35. Kf1 d5 36. Ke2 Nb5 37. Ke3 f6 38. Kf4 Kg6 39. h4 h5 40.
f3 Kf7 41. g4 hxg4 42. fxg4 Ke6 43. h5 Nc3 44. Bf8 Kf7 45. Bc5 Ke6 46. Bf8 Kf7 47.
Bc5 Ke6 1/2-1/2

[Event "*** Titled Tuesday Blitz"]
[Site "Chess.com"]
[Date "2019.05.07"]
[Round "6"]
[White "DamianoLew95"]
[Black "Blitzstream"]
[Result "1-0"]
[WhiteElo "2470"]
[BlackElo "2571"]
[TimeControl "180+2"]
[EndTime "14:27:26 PDT"]
[Termination "DamianoLew95 won by resignation"]

1. d4 Nf6 2. Bf4 Rg8 3. Nf3 Ne4 4. h4 d5 5. Nbd2 Bf5 6. e3 Nd7 7. Nxe4 Bxe4 8. Ng5 Nf6 9. Nxe4 Nxe4 10. c4 e6 11. Bd3 Bb4+ 12. Ke2 Qe7 13. Bxe4 dxe4 14. Qa4+ c6 15. c5 e5 16. Bg3 a5 17. a3 exd4 18.
axb4 d3+ 19. Kd2 Qf6 20. Qb3 a4 21. Qc3 Qe6 22. Ra3 f6 23. Rha1 Ke7 24. Rxa4 Rxa4 25. Rxa4 Qg4 26. Qc1 Qe2+ 27. Kc3 Rd8 28. Qd2 Qf1 29. b5 f5 30. Bd6+ Kf6 31. g4 cxb5 32. Rb4 fxg4 33. Rxe4 h5 34. Qxd3 Qc1+ 35. Kb3 Qa1 36.
Qd4+ Kg6 37. Re6+ Kh7 38. Re7 Rg8 39. Be5 Qa6 40. Bxg7 Qa4+ 41. Qxa4 bxa4+ 42. Kxa4 Rxg7 43. Rxg7+ Kxg7 44. Kb5 Kf6 45. Kb6 Ke6 46. Kxb7 g3 47.
fxg3 1-0

[Event "*** Titled Tuesday Blitz"]
[Site "Chess.com"]
[Date "2019.05.07"]
[Round "6"]
[White "CarrotsandPizza"]
[Black "stepanosinovsky"]
[Result "0-1"]
[WhiteElo "2100"]
[BlackElo "2406"]
[TimeControl "180+2"]
[EndTime "14:27:29 PDT"]
[Termination "stepanosinovsky won by checkmate"]

1. e4 e5 2. Nf3 Nc6 3. Nc3 Nf6 4. d4 exd4 5. Nxd4 Bb4 6. Nxc6 bxc6 7. Bd3 O-O 8. O-O d5 9. exd5 cxd5 10. Bg5 c6 11. Ne2 h6 12. Bh4 Rb8 13. Nd4 Bd7 14. Qf3 Be7 15. b3 Ne4 16. Bxe7 Qxe7 17. Bxe4 dxe4 18. Qc3 c5 19. Ne2 Rb6 20. Rad1 Rg6 21. Rfe1 Qg5 22.
Ng3 Bc6 23. Qe3 Qe7 24. Rd2 f5 25. Ne2 Rgf6 26. Nf4 g5 27. Nd5 Bxd5 28. Rxd5 Re8 29. Qxc5 Qf7 30. Re5 Rfe6 31. Rxf5 Qg6 32. g3 R8e7 33.
Qd5 Kh7 34. Re3 Rd6 35. Qc5 Qe6 36. Kg2 Rc6 37. Qd5 Qxd5 38. Rxd5 Rxc2 39. Ra5 Rf7 40.
Kg1 Rc1+ 41. Kg2 Rc2 42. Kg1 Rfxf2 43. Rxe4 Rg2+ 44. Kf1 Rxh2 45. Kg1 Rcg2+ 46. Kf1 Rxa2 47. Rea4 Rh1# 0-1

[Event "*** Titled Tuesday Blitz"]
[Site "Chess.com"]
[Date "2019.05.07"]
[Round "6"]
[White "Roenko_Artur"]
[Black "tteshan"]
[Result "1-0"]
[WhiteElo "2209"]
[BlackElo "2291"]
[TimeControl "180+2"]
[EndTime "14:27:30 PDT"]
[Termination "Roenko_Artur won by resignation"]

1. e4 c5 2. d4 cxd4 3. c3 dxc3 4. Nxc3 Nc6 5. Nf3 g6 6. Bc4 Bg7 7.
O-O d6 8. Qb3 e6 9. Bg5 Nge7 10.
Rfd1 a6 11. Qa3 Qc7 12. Rxd6 O-O 13. Rad1 Rb8 14. Be2 b5 15. Qc5 f6 16. Bf4 e5 17.
Be3 Re8 18. Nd5 Qb7 19. Nxf6+ Bxf6 20. Rxf6 Bg4 21. Rdd6 Rbc8 22. Qc3 Nd4 23. Qd2 Rc2 24. Rxd4 Rxd2 25. Rxd2 Qxe4 26. h3 Bxf3 27. Bxf3 Qb1+ 28. Kh2 Kg7 29. Rfd6 Qxa2 30. Rd7 Qf7 31. Bg5 Qe6 32. Bg4 Qc4 33. Bxe7 Kh6 34. Bh4 Qf4+ 35. Bg3 Qc4 36. Rb7 Qc5 37. Rdd7 Rh8 38. Re7 Kg5 39. Rxe5+ Qxe5 40. Bxe5 Re8 41. Bg3 Kh6 42. Bf4+ g5 43. Rb6+ Kg7 44.
Bxg5 Re5 1-0

[Event "*** Titled Tuesday Blitz"]
[Site "Chess.com"]
[Date "2019.05.07"]
[Round "6"]
[White "Slovak_fighter2000"]
[Black "Satscho"]
[Result "1-0"]
[WhiteElo "2431"]
[BlackElo "2289"]
[TimeControl "180+2"]
[EndTime "14:27:38 PDT"]
[Termination "Slovak_fighter2000 won by checkmate"]

1. e4 c6 2. d4 d5 3. e5 Bf5 4. g4 Be4 5. f3 Bg6 6. h4 h5 7. e6 Qd6 8. exf7+ Bxf7 9. Ne2 e5 10. dxe5 Qxe5 11. Nc3 Bb4 12. Bf4 Qe7 13. g5 Nd7 14.
Qd4 Rh7 15. O-O-O Qc5 16. Qd3 g6 17. Bh3 O-O-O 18. Be3 Qa5 19. a3 Bd6 20. Bf4 Qc7 21. Bxd6 Qxd6 22. Ne4 Qe5 23. Nc5 Be8 24. Nxd7 Bxd7 25.
Bxd7+ Rdxd7 26. f4 Qe4 27. Qxe4 dxe4 28. f5 gxf5 29. Nf4 Ne7 30. Rxd7 Kxd7 31. Rd1+ Nd5 32. c4 Kd6 33. cxd5 Ke5 34. d6 Rd7 35. g6 Kxf4 36.
g7 Rxg7 37. d7 Rxd7 38. Rxd7 Ke3 39. Kd1 f4 40. Ke1 f3 41. Rc7 Kf4 42. Rxb7 e3 43. Rxa7 Kg3 44. Rg7+ Kxh4 45. a4 c5 46. a5 Kh3 47. a6 Kh2 48. a7 h4 49. a8=Q f2+ 50.
Ke2 h3 51. Qb8+ Kh1 52. Qg3 f1=Q+ 53. Kxf1 e2+ 54. Kxe2 h2 55. Qe1# 1-0